 Dungeon Crawl Stone Soup version 0.29-a0-362-g5854e031c7 (webtiles) character file.

Game seed: 1940014568926775925

9 ytrimaz the Skirmisher (level 2, 24/24 HPs)
             Began as a Demonspawn Fighter on Apr 29, 2022.
             Quit the game on level 1 of the Dungeon.
             The game lasted 00:00:21 (429 turns).

ytrimaz the Skirmisher (Demonspawn Fighter)          Turns: 429, Time: 00:00:21

Health: 24/24      AC:  6    Str: 16    XL:     2   Next: 3%
Magic:  2/2        EV:  8    Int:  9    God:
Gold:   0          SH:  4    Dex: 12    Spells: 1/1 levels left

rFire   . . .      SeeInvis .   a - +0 war axe
rCold   . . .      Faith    .   c - +0 buckler
rNeg    . . .      Spirit   .   b - +0 scale mail
rPois   .          Reflect  .   (no helmet)
rElec   .          Harm     .   (no cloak)
rCorr   .          Rampage  .   (no gloves)
Will    .....                   (no boots)
Stlth   ..........              (no amulet)
HPRegen 0.08/turn               (no ring)
MPRegen 0.08/turn               (no ring)

@: no status effects
A: foul stench 1
a: no special abilities


You were on level 1 of the Dungeon.
You visited 1 branch of the dungeon, and saw 1 of its levels.

Inventory:

Hand Weapons
 a - a +0 war axe (weapon)
Armour
 b - a +0 scale mail (worn)
 c - a +0 buckler (worn)
Scrolls
 f - a scroll of identify {unknown}
 g - a scroll of blinking {unknown}
Potions
 d - a potion of might
 e - a potion of curing {unknown}
 h - a potion of degeneration {unknown}
 i - a potion of attraction {unknown}


   Skills:
 + Level 3.1 Fighting
 * Level 1.9 Axes
 + Level 2.8 Armour
 + Level 2.8 Shields


You had one spell level left.
You didn't know any spells.
Your spell library was empty.

Dungeon Overview and Level Annotations

Branches:
Dungeon (1/15)

Altars:


Innate Abilities, Weirdness & Mutations

You may rarely emit foul miasma when damaged in melee.


Message History

The quokka bites you but does no damage.
The quokka bites you.
You completely miss the quokka.
The quokka is almost dead.
The quokka misses you. The quokka bites you.
You slash the quokka!
You kill the quokka!
You see here a quokka corpse.
As you open the door, it creaks loudly!
There is an open door here.
As you open the door, it creaks loudly!
There is an open door here.
Found 25 stones.
No target in view!
No target in view!
A quokka comes into view.
A quokka is nearby!
The quokka bites you but does no damage.
You see here 25 stones.
You slash the quokka!
You kill the quokka!
You see here 25 stones.
Found a hand axe.
You see here a +0 hand axe.
A bat comes into view.
The bat barely misses you.
A bat is nearby!
You closely miss the bat. The bat hits you but does no damage.
The bat closely misses you. The bat barely misses you.
You slash the bat!
You kill the bat!
You have reached level 2!
Your demonic ancestry asserts itself...
You begin to emit a foul stench of rot and decay.
A hobgoblin comes into view.
A hobgoblin is nearby!
A hobgoblin is nearby!
Are you sure you want to abandon this character and quit the game? (Confirm with "yes".)
Okay, then.
Are you sure you want to abandon this character and quit the game? (Confirm with "yes".)

### ... ..
..#
#.#.#g#######
...
.......@....#
...#
#.#.#.#####.#
... .. #.# #
#.. ... #.#
##.# ######
#.# #.## ....
#.# ...#.....
#.#####
.........
#...).#
#'####### #
#####.#


You could see a hobgoblin.

Vanquished Creatures
  A bat (D:1)
  A kobold (D:1)
  2 quokkas (D:1)
  2 ball pythons (D:1)
  2 rats (D:1)
8 creatures vanquished.

Notes
Turn   | Place    | Note
-------+----------+-------------------------------------------
     0 | D:1      | ytrimaz the Demonspawn Fighter began the quest for the Orb.
     0 | D:1      | Reached XP level 1. HP: 18/18 MP: 1/1
   417 | D:1      | Gained mutation: You may rarely emit foul miasma when
                  | damaged in melee. [demonic ancestry]
   417 | D:1      | Reached XP level 2. HP: 24/24 MP: 2/2
   429 | D:1      | Quit the game

Illustrated notes

Levels and vault maps discovered:
D:1:      tarquinn_simple_flora_water_b, layout_loops_cross,
          ebering_ecumenical_altar_sacrificial

Action                   || total
-------------------------++-------
Melee: War axe           ||    16
Armor: Scale mail        ||     9
Dodge: Dodged            ||     5
Block: Buckler           ||     6

Table legend: (Time is in decaauts)
 A = Elapsed time spent in this place.
 B = Non-inter-level travel time spent in this place.
 C = Inter-level travel time spent in this place.
 D = Time resting spent in this place.
 E = Time spent auto-exploring this place.
 F = Levels seen in this place.
 G = Mean time per level.
                   A        B        C        D        E       F      G
               +--------+--------+--------+--------+--------+-----+--------+
         Total |    435 |    435 |      0 |      0 |    375 |   1 |  435.0 |
       Dungeon |    435 |    435 |      0 |      0 |    375 |   1 |  435.0 |
               +--------+--------+--------+--------+--------+-----+--------+

Top non-repeatable levels by time:
     D:1: 435 daAuts
